 Dungeon Crawl Stone Soup version 0.23-a0-354-g4c2fb12 (webtiles) character file.

95 Cryolive the Digger (level 4, -3/24 HPs)
             Began as a Gargoyle Earth Elementalist on Oct 21, 2018.
             Slain by Grinder (6 damage)
             ... on level 3 of the Dungeon.
             The game lasted 00:08:56 (2484 turns).

Cryolive the Digger (Gargoyle Earth Elementalist)   Turns: 2484, Time: 00:08:56

Health: -3/24      AC:  5    Str: 11    XL:     4   Next: 65%
Magic:  9/9        EV: 12    Int: 17    God:
Gold:   158        SH:  0    Dex: 10    Spells: 8/9 levels left

rFire    . . .     SeeInvis .   h - +0 mace
rCold    . . .     Gourm    .   (no shield)
rNeg     + . .     Faith    .   c - +0 robe
rPois    ∞         Spirit   .   (no helmet)
rElec    +         Reflect  .   (no cloak)
rCorr    .         Harm     .   (no gloves)
MR       .....                  (no boots)
Stlth    ++........             (no amulet)
HPRegen  0.08/turn              r - ring of flight
MPRegen  0.11/turn              (no ring)

@: hasted, very quick
A: negative energy resistance 1, electricity resistance, unbreathing,
petrification resistance, rot immunity, AC +3
a: Evoke Flight


You were on level 3 of the Dungeon.
You were not hungry.

You visited 1 branch of the dungeon, and saw 3 of its levels.

You collected 158 gold pieces.

Inventory:

Hand Weapons
 a - a +0 short sword
 h - a +0 mace (weapon)
Missiles
 b - 33 stones (quivered)
Armour
 c - a +0 robe (worn)
Jewellery
 p - a cursed ring of see invisible
 r - a ring of flight (left hand)
Scrolls
 f - a scroll of teleportation {unknown}
 g - a scroll of fog {unknown}
 j - a scroll of fear {unknown}
 k - a scroll of immolation {unknown}
 m - 2 scrolls of remove curse {unknown}
 n - a scroll of blinking {unknown}
 q - 2 scrolls of enchant armour {unknown}
 s - a scroll of random uselessness {unknown}
 u - a scroll of magic mapping {unknown}
Potions
 e - 4 potions of degeneration
 i - a potion of haste
 l - a potion of curing {unknown}
 t - a potion of lignification {unknown}
Comestibles
 d - 3 rations


   Skills:
 - Level 1.5 Dodging
 - Level 2.1 Stealth
 + Level 3.3 Spellcasting
   Level 0.7 Transmutations
 + Level 5.1 Earth Magic


You had 8 spell levels left.
You knew the following spells:

 Your Spells              Type           Power        Failure   Level  Hunger
a - Sandblast             Erth           ###...       1%          1    None

Your spell library contained the following spells:

 Spells                   Type           Power        Failure   Level  Hunger
 Passwall                 Tmut/Erth      ##......     8%          2    ##.....
 Stone Arrow              Conj/Erth      ##....       17%         3    ###....
 Petrify                  Tmut/Erth      ##......     45%         4    ####...
 Lee's Rapid Deconstruct  Erth           ###.......   50%         5    ######.


Dungeon Overview and Level Annotations

Branches:
Dungeon (3/15)

Altars:
Nemelex Xobeh

Annotations:
D:3 Grinder


Innate Abilities, Weirdness & Mutations

You are resistant to torment.
Your stone body is resilient. (AC +3)
You are immune to poison.
You resist negative energy. (rN+)
You are resistant to electric shocks. (rElec)
You can survive without breathing.
You are immune to petrification.
You are immune to rotting.


Message History

e - 4 potions of degeneration
As you read the scroll of identify, it crumbles to dust.
p - a cursed ring of see invisible
As you read the scroll of identify, it crumbles to dust.
r - an uncursed ring of flight
r - a ring of flight (left hand) Grinder gestures at you.
Pain shoots through your body!
Grinder says, "Wait up."
Grinder gestures at you. Pain shoots through your body!
* * * LOW HITPOINT WARNING * * *
Grinder gestures at you. Pain shoots through your body!
* * * LOW HITPOINT WARNING * * *
It was a potion of haste.
You feel yourself speed up. Grinder gestures at you.
You resist with significant effort. Grinder hits you.
You die...

..# #.# ##5#.# #.# #.#
#...# #.# #.# ##..# #.#
#.# #..# ..# #.# #..#####
.## #.# #.>5...# ## #.#
######.#
###########.###########.#
#.............@5........#
#.#####################.#
###.# ### ###.# ###.#
###.# §##.# ###.# ###.#


You could see Grinder.

Vanquished Creatures
  An adder (D:2)
  An ooze (D:1)
  4 worms
  2 dart slugs (D:1)
  An orc (D:3)
  4 giant cockroaches
  6 goblins
  10 hobgoblins
  2 jackals (D:2)
  10 kobolds
  A quokka (D:2)
  8 bats
  5 frilled lizards
  A jackal skeleton (D:3)
  11 rats
67 creatures vanquished.

Notes
Turn   | Place    | Note
-------+----------+-------------------------------------------
     0 | D:1      | Cryolive the Gargoyle Earth Elementalist began the quest
                  | for the Orb.
     0 | D:1      | Reached XP level 1. HP: 10/10 MP: 3/3
   333 | D:1      | Reached XP level 2. HP: 15/15 MP: 5/5
   401 | D:1      | Reached skill level 4 in Earth Magic
   710 | D:1      | Reached XP level 3. HP: 4/19 MP: 3/6
  1511 | D:2      | Reached XP level 4. HP: 24/24 MP: 6/8
  1683 | D:2      | Reached skill level 5 in Earth Magic
  2341 | D:3      | Found a sparkling altar of Nemelex Xobeh.
  2433 | D:3      | Noticed Grinder
  2484 | D:3      | Slain by Grinder

Vault maps used:
D:1:      giann_horns
D:3:      nemelex_altar_shiori, chequers_ecumenical_altar_grove,
          minmay_ruptured, uniq_grinder

Skill      XL: |  1  2  3  4 |
---------------+-------------+-----
Earth Magic    | 4 5 |  5.1
Spellcasting   | 3 |  3.3
Dodging        | |  1.5
Stealth        | |  2.1
Transmutations | |  0.7

Action                   |  1- 3 |  4- 6 || total
-------------------------+-------+-------++-------
Melee: Unarmed           |    18 |       ||    18
       Short sword       |    45 |       ||    45
       Mace              |    59 |   100 ||   159
 Cast: Sandblast         |    20 |    13 ||    33
  Use: Scroll            |       |     3 ||     3
       Potion            |       |     1 ||     1
 Stab: Sleeping          |     4 |     2 ||     6
  Eat: Chunk             |     2 |       ||     2
       Ration            |       |     1 ||     1
Armor: Robe              |    52 |    45 ||    97
Dodge: Dodged            |   101 |    72 ||   173

Table legend:
 A = Non-vault XP
 B = Vault XP
 C = Vault XP percentage of total XP
 D = Non-vault monster count
 E = Vault monster count
 F = Vault count percentage of total count
                 A         B        C        D         E       F
            +---------+---------+-------+---------+---------+-------
      Total |     130 |       6 |   4.4 |      63 |       4 |   6.0
            +---------+---------+-------+---------+---------+-------
        D:1 |      60 |       0 |   0.0 |      33 |       0 |   0.0
        D:2 |      53 |       0 |   0.0 |      21 |       0 |   0.0
        D:3 |      17 |       6 |  26.1 |       9 |       4 |  30.8
            +---------+---------+-------+---------+---------+-------
